Map: Лед и хром РВ

Players

Ziggy

  • Race: Terran Terran
  • League: Grandmaster
  • Spawn Location: 1:00

BratOK (Brat_OK) - Winner!

  • Race: Terran Terran
  • League: Grandmaster
  • Spawn Location: 7:00

Event: DreamHack SC2 Masters 2020 Summer Europe

VOD

Have the link to the VOD?

Description

Time

  • Played on: July 5, 2020, 11:35 a.m.
  • Length: 16:41

All games in this series

Show
View Real Time Build Order
Export as new Build Order

Ziggy Terran 

Build Orders: 1/1/1, Mech 

Get SALT Encoding   

  12  0:00  SCV  
  13  0:12  SCV  
  14  0:17  Supply Depot  
  14  0:24  SCV  
  14  0:27  Refinery  
  15  0:38  SCV  
  16  0:44  Barracks  
  16  0:50  SCV  
  16  0:54  Refinery  
  17  1:02  SCV  
  18  1:15  SCV  
  19  1:31  Reaper, Orbital Command  
  20  1:34  Factory  
  20  1:44  Supply Depot  
  20  1:56  SCV  
  21  2:03  Barracks Reactor  
  21  2:08  SCV  
  22  2:18  Hellion  
  22  2:20  SCV, Starport  
  25  2:26  Supply Depot  
  25  2:32  SCV  
  26  2:39  Hellion, Reaper x2  
  30  2:47  SCV  
  31  2:56  Medivac  
  33  3:00  Supply Depot  
  33  3:01  Hellion  
  33  3:02  SCV  
  36  3:11  Reaper x2  
  38  3:22  Hellion  
  38  3:26  Starport Tech Lab  
  40  3:40  Command Center  
  40  3:43  Factory Tech Lab  
  40  3:45  Raven  
  40  3:48  SCV  
  43  3:53  Marine  
  43  3:54  Marine  
  45  3:59  Refinery  
  45  4:07  Cyclone  
  48  4:14  Marine  
  44  4:24  Marine  
  44  4:28  Viking  
  43  4:31  Marine  
  43  4:32  Engineering Bay  
  44  4:39  SCV  
  45  4:46  Cyclone  
  48  4:56  SCV  
  48  4:57  Marine x2  
  49  5:04  Mag-Field Accelerator  
  44  5:10  Orbital Command  
  43  5:16  Missile Turret  
  43  5:21  SCV  
  44  5:30  Raven  
  44  5:33  SCV  
  47  5:38  SCV  
  47  5:42  Cyclone  
  51  5:45  SCV  
  52  5:50  SCV  
  52  5:51  Missile Turret  
  52  5:54  Cloaking Field  
  53  5:57  SCV  
  53  6:02  SCV  
  55  6:09  SCV  
  56  6:14  SCV  
  56  6:15  Command Center  
  57  6:18  Banshee  
  57  6:25  SCV  
  61  6:27  Cyclone  
  61  6:32  SCV  
  65  6:35  Supply Depot  
  65  6:36  Marine  
  65  6:37  SCV, Refinery  
  67  6:40  Marine  
  67  6:44  SCV  
  69  6:56  SCV  
  69  6:57  SCV  
  69  6:59  Siege Tank  
  72  7:04  Banshee  
  72  7:08  SCV  
  76  7:09  SCV  
  77  7:19  Factory x2  
  77  7:20  SCV  
  78  7:23  Supply Depot  
  78  7:26  SCV  
  79  7:30  Refinery  
  79  7:32  SCV  
  79  7:35  Refinery  
  80  7:38  SCV  
  80  7:40  Siege Tank  
  84  7:44  Hyperflight Rotors  
  84  7:45  SCV  
  84  7:46  Banshee  
  84  7:51  SCV  
  89  8:02  SCV  
  77  8:07  SCV x2  
  77  8:11  Barracks Tech Lab  
  76  8:14  SCV  
  76  8:15  Armory x2  
  76  8:18  Command Center  
  76  8:19  SCV  
  78  8:21  SCV  
  78  8:23  Siege Tank  
  78  8:24  Factory Tech Lab  
  78  8:25  Hellion  
  84  8:27  SCV  
  84  8:31  SCV  
  84  8:33  Banshee  
  89  8:37  Orbital Command  
  89  8:39  SCV  
  87  8:43  SCV  
  87  8:44  Siege Tank  
  91  8:51  SCV  
  92  8:55  SCV  
  92  8:56  Hellion  
  92  8:57  Hellion, Siege Tank  
  92  9:02  SCV  
  101  9:05  Sensor Tower  
  101  9:07  Terran Vehicle Weapons Level 1  
  101  9:08  Supply Depot  
  101  9:10  Terran Vehicle And Ship Armor Level 1  
  101  9:14  Supply Depot  
  101  9:15  Supply Depot  
  101  9:29  SCV x3, Banshee, Siege Tank  
  110  9:40  Factory x2  
  110  9:41  SCV x3  
  110  9:42  Starport  
  113  9:52  Refinery  
  113  9:53  SCV  
  113  9:54  SCV  
  113  9:58  SCV  
  113  9:59  Siege Tank  
  123  10:00  Hellion x2  
  123  10:05  SCV  
  124  10:11  Siege Tank  
  124  10:13  SCV, Banshee  
  132  10:16  SCV  
  132  10:17  SCV  
  132  10:20  Starport Reactor  
  132  10:21  Orbital Command  
  133  10:25  SCV  
  132  10:28  SCV  
  132  10:29  SCV  
  132  10:34  Refinery  
  132  10:35  Siege Tank x2  
  139  10:36  Supply Depot x2  
  139  10:37  SCV, Supply Depot  
  139  10:39  Factory Tech Lab  
  140  10:45  SCV x2, Supply Depot x2  
  140  10:46  SCV  
  140  10:49  SCV  
  144  10:57  SCV x2, Siege Tank  
  144  10:58  Viking x2  
  144  11:00  SCV  
  152  11:06  Supply Depot, Terran Vehicle Weapons Level 2  
  152  11:07  Supply Depot, Terran Vehicle And Ship Armor Level 2, Siege Tank  
  153  11:22  Siege Tank  
  153  11:23  Hellion  
  153  11:24  Hellion  
  153  11:25  Infernal Pre-Igniter  
  150  11:27  Command Center  
  150  11:28  SCV x2  
  143  11:36  Siege Tank x2  
  143  11:37  SCV x2  
  147  11:51  Siege Tank  
  147  11:52  Viking  
  147  11:53  Viking  
  147  11:54  SCV, Siege Tank  
  158  11:56  SCV  
  159  12:05  Viking  
  159  12:06  SCV x2  
  159  12:08  SCV  
  164  12:09  SCV  
  156  12:18  SCV  
  156  12:22  Viking, Thor  
  156  12:23  Viking  
  156  12:27  Thor  
  164  12:32  SCV x4  
  168  12:37  Viking  
  168  12:41  Planetary Fortress  
  170  12:44  Sensor Tower  
  170  12:48  Thor  
  176  12:52  Viking  
  176  12:57  Factory  
  174  13:02  Thor  
  180  13:08  Sensor Tower  
  180  13:10  Factory  
  180  13:12  Supply Depot  
  180  13:13  SCV x4  
  180  13:16  Refinery  
  184  13:24  Missile Turret  
  184  13:25  SCV  
  184  13:26  Missile Turret  
  185  13:31  Viking x2  
  188  13:37  Terran Vehicle Weapons Level 3  
  188  13:42  Thor  
  188  13:44  Factory Tech Lab  
  188  13:45  Missile Turret  
  188  13:46  Refinery  
  194  13:52  Thor  
  200  14:00  Terran Vehicle And Ship Armor Level 3  
  200  14:26  Starport  
  200  14:27  Starport  
  200  14:36  Command Center  
  187  14:49  Thor x5  
  187  14:50  Viking x2  
  187  14:51  Factory Tech Lab  
  186  14:57  Hellion  
  186  14:58  Hellion  
  180  15:06  Starport Reactor x2  
  180  15:11  Siege Tank  
  180  15:12  Viking  
  185  15:23  Viking x2  
  189  15:32  Siege Tank x4  
  189  15:39  Refinery  
  189  15:40  Siege Tank  
  189  15:42  Viking, Refinery  
  186  15:44  Hellion x2  
  184  15:51  Viking x3  
  184  15:52  Viking  
  192  15:58  Planetary Fortress  
  192  16:09  Refinery  
  192  16:10  Orbital Command  
  192  16:11  Refinery  
Show
View Real Time Build Order
Export as new Build Order

BratOK Terran - Winner!

Build Orders:  

Get SALT Encoding   

  12  0:00  SCV  
  13  0:12  SCV  
  14  0:16  Supply Depot  
  14  0:25  SCV  
  15  0:29  Refinery  
  15  0:38  SCV  
  16  0:43  Barracks  
  16  0:50  SCV  
  16  0:55  Refinery  
  17  1:02  SCV  
  18  1:14  SCV  
  19  1:30  Reaper, Orbital Command  
  20  1:36  Factory  
  20  1:43  Supply Depot  
  20  1:57  SCV  
  21  2:02  Reaper  
  22  2:09  SCV  
  23  2:19  Hellion  
  25  2:26  Command Center  
  25  2:29  SCV  
  26  2:36  Supply Depot  
  26  2:37  Barracks Tech Lab  
  26  2:41  Widow Mine  
  26  2:43  SCV  
  29  2:54  Starport  
  29  2:57  SCV  
  30  3:08  Cyclone  
  30  3:09  Barracks Tech Lab  
  33  3:13  SCV  
  34  3:25  SCV  
  35  3:34  Refinery  
  35  3:37  Banshee  
  35  3:38  Orbital Command  
  35  3:41  SCV  
  39  3:47  Siege Tank  
  42  3:53  SCV  
  43  3:59  Supply Depot  
  43  4:05  SCV  
  44  4:10  SCV  
  39  4:19  Siege Tank  
  37  4:39  SCV  
  37  4:40  SCV  
  39  4:51  SCV  
  39  4:53  SCV  
  38  5:03  SCV  
  38  5:05  SCV  
  40  5:15  SCV  
  40  5:16  Command Center  
  40  5:18  SCV  
  42  5:22  Raven  
  42  5:24  Siege Tank  
  42  5:27  Barracks Reactor  
  42  5:28  SCV  
  48  5:30  SCV  
  49  5:40  SCV  
  49  5:41  Supply Depot  
  49  5:42  SCV  
  51  5:51  Refinery  
  51  5:52  SCV  
  51  5:54  SCV  
  53  5:57  Siege Tank  
  57  6:04  SCV  
  57  6:07  SCV  
  55  6:16  Viking x2, SCV  
  60  6:19  SCV, Armory  
  60  6:21  Factory  
  61  6:26  Barracks Reactor  
  61  6:28  SCV  
  61  6:29  Orbital Command  
  62  6:34  SCV  
  62  6:37  Siege Tank  
  62  6:39  Supply Depot  
  66  6:40  SCV  
  66  6:46  Viking, SCV  
  70  6:55  SCV x2  
  69  7:04  SCV  
  69  7:07  SCV, Supply Depot  
  71  7:10  Terran Vehicle And Ship Armor Level 1  
  71  7:18  Siege Tank  
  71  7:19  Viking, Hellion  
  78  7:24  SCV x2  
  78  7:28  Command Center  
  78  7:29  Engineering Bay  
  78  7:39  Hellion  
  78  7:41  SCV x2, Hellion  
  84  7:48  Liberator  
  84  7:49  Liberator  
  90  7:53  SCV x2  
  92  7:59  Orbital Command  
  92  8:05  SCV x2  
  83  8:09  Siege Tank  
  83  8:10  Hellion x2  
  89  8:14  Missile Turret  
  89  8:17  SCV x2  
  90  8:26  Factory  
  90  8:27  SCV  
  90  8:29  SCV x2  
  89  8:38  Missile Turret  
  89  8:39  SCV  
  89  8:41  SCV x2  
  89  8:45  Viking, Orbital Command  
  89  8:46  Siege Tank  
  94  8:49  Orbital Command  
  94  8:53  SCV x2  
  94  8:54  Missile Turret  
  92  8:58  Sensor Tower  
  92  9:04  Terran Vehicle Weapons Level 1  
  92  9:05  SCV  
  92  9:06  SCV  
  94  9:13  Armory, SCV  
  95  9:18  SCV  
  95  9:19  SCV  
  95  9:20  SCV  
  95  9:22  Missile Turret  
  98  9:25  SCV  
  98  9:28  Refinery  
  98  9:30  SCV, Refinery  
  100  9:33  SCV x2  
  100  9:37  Siege Tank  
  100  9:38  Siege Tank  
  108  9:42  Supply Depot  
  108  9:43  SCV x2, Missile Turret  
  108  9:44  Supply Depot  
  106  9:54  SCV x2  
  106  9:55  SCV  
  106  9:56  Supply Depot  
  106  9:59  SCV  
  106  10:01  Missile Turret  
  106  10:06  SCV  
  106  10:07  SCV x2  
  103  10:13  SCV  
  103  10:15  Hellion, Siege Tank x2  
  103  10:18  SCV  
  103  10:20  Missile Turret  
  112  10:21  SCV  
  112  10:22  SCV  
  112  10:25  SCV  
  114  10:29  Viking x2  
  114  10:30  SCV  
  114  10:31  Terran Vehicle And Ship Armor Level 2  
  114  10:33  SCV  
  114  10:34  SCV, Supply Depot  
  121  10:37  SCV, Supply Depot  
  121  10:39  Missile Turret  
  123  10:42  SCV  
  123  10:47  Barracks Reactor  
  123  10:48  Factory x2  
  123  10:51  SCV  
  124  11:00  Terran Vehicle Weapons Level 2, Missile Turret  
  124  11:04  Missile Turret  
  124  11:09  Orbital Command  
  122  11:13  Liberator x2  
  122  11:17  SCV  
  129  11:19  Siege Tank  
  129  11:23  SCV x2  
  134  11:29  SCV  
  133  11:35  SCV x3  
  130  11:40  Factory Tech Lab  
  130  11:41  SCV, Missile Turret  
  131  11:47  SCV  
  131  11:51  SCV x2  
  131  11:52  Command Center  
  131  11:53  SCV  
  133  11:56  Viking x2  
  133  11:59  SCV, Missile Turret x2  
  137  12:03  SCV x2  
  137  12:05  SCV, Refinery x2  
  140  12:11  SCV  
  140  12:14  Siege Tank x2  
  140  12:15  SCV x2, Hellion x2  
  150  12:17  SCV  
  151  12:23  SCV  
  151  12:24  Refinery  
  151  12:27  SCV x2  
  153  12:30  SCV, Missile Turret  
  153  12:31  Viking  
  153  12:35  SCV, Viking, Starport  
  153  12:36  Supply Depot x2, Starport  
  156  12:37  Supply Depot  
  156  12:39  SCV x2  
  158  12:47  Missile Turret  
  158  12:52  Hellion x2, Siege Tank x2  
  168  12:59  Command Center  
  168  13:07  Viking x2  
  172  13:15  Command Center  
  172  13:17  Missile Turret  
  172  13:19  Terran Ship Weapons Level 1, Terran Vehicle And Ship Armor Level 3  
  172  13:24  Fusion Core  
  172  13:26  Missile Turret  
  172  13:31  Hellion x7  
  183  13:35  Starport Tech Lab x2  
  183  13:37  Viking  
  185  13:44  Refinery  
  185  13:46  Refinery  
  185  13:50  Planetary Fortress, Starport  
  185  13:51  Starport  
  185  13:54  Missile Turret  
  185  13:59  Missile Turret  
  185  14:00  Missile Turret  
  185  14:02  Missile Turret  
  184  14:13  Missile Turret  
  184  14:16  Battlecruiser  
  184  14:17  Battlecruiser  
  188  14:19  Weapon Refit  
  188  14:21  SCV x3  
  188  14:23  Hi-Sec Auto Tracking  
  191  14:32  Orbital Command  
  191  14:34  Command Center  
  191  14:36  Viking x2  
  191  14:37  Starport Tech Lab x2  
  191  14:46  Siege Tank x2  
  191  14:47  Hellion  
  191  14:51  Hellion, Siege Tank  
  175  15:05  Battlecruiser  
  175  15:06  Viking  
  183  15:14  Hellion x2  
  183  15:18  Siege Tank  
  183  15:19  Siege Tank  
  193  15:23  Siege Tank  
  196  15:32  Hellion x2  
  198  15:47  Planetary Fortress  
  198  15:55  Hellion  
  200  15:58  Refinery  
  200  16:00  Refinery  
  200  16:01  Orbital Command  
Tags
 
Add a new tag
Caveats
  • Supply blocks, unpowered buildings, or Contaminate may cause inaccurate times.
  • Supply counts are checked every 10 seconds.